 Dungeon Crawl Stone Soup version 0.30.1-4-g462c640d31 (webtiles) character file.

Game seed: 7584176658205131247

22 HagarQim the Ogre Mage (level 2, -1/24 HPs)
             Began as an Ogre Fire Elementalist on Aug 24, 2023.
             Slain by Terence
             ... wielding a +0 falchion
              (7 damage)
             ... on level 2 of the Dungeon.
             The game lasted 00:05:24 (899 turns).

HagarQim the Ogre Mage (Ogre Fire Elementalist)      Turns: 899, Time: 00:05:25

Health: -1/24      AC:  3    Str: 11    XL:     2   Next: 91%
Magic:  0/6        EV:  9    Int: 16    God:
Gold:   31         SH:  0    Dex:  9    Spells: 4/7 levels left

rFire   . . .        h - +0 war axe
rCold   . . .        (no shield)
rNeg    . . .        a - +0 robe
rPois   .            (helmet restricted)
rElec   .            (no cloak)
rCorr   +            (gloves unavailable)
SInv    .            (boots unavailable)
Will    .....        (no amulet)
Stlth   +            g - ring of resist corrosion
HPRegen 0.24/turn    (no ring)
MPRegen 0.10/turn

%: no passive effects
@: mighty
A: large, unfitting armour, tough skin 1
a: no special abilities


You were on level 2 of the Dungeon.
You visited 1 branch of the dungeon, and saw 2 of its levels.

You collected 31 gold pieces.

Inventory:

Hand Weapons
 h - a +0 war axe (weapon)
Missiles
 e - 4 silver javelins
Armour
 a - a +0 robe (worn)
Jewellery
 g - a ring of resist corrosion (left hand)
Scrolls
 c - 2 scrolls of fear {unknown}
 f - a scroll of enchant armour {unknown}
Potions
 d - a potion of curing {unknown}


   Skills:
 + Level 1.8 Dodging
 + Level 1.4 Stealth
 + Level 3.2 Spellcasting
 + Level 1.1 Conjurations
 + Level 3.0 Fire Magic


You had 4 spell levels left.
You knew the following spells:

 Your Spells              Type           Power      Damage    Failure   Level
a - Foxfire               Conj/Fire      36%        2x1d5     8%          1
b - Scorch                Fire           24%        2d6       9%          2

Your spell library contained the following spells:

 Spells                   Type           Power      Damage    Failure   Level
 Inner Flame              Hex/Fire       7%         N/A       30%         3
 Volatile Blastmotes      Fire/Tloc      14%        2d11      30%         3
 Flame Wave               Conj/Fire      9%         2d6       61%         4


Dungeon Overview and Level Annotations

Branches:
Dungeon (2/15)

Altars:

Annotations:
D:2 Terence


Innate Abilities, Weirdness & Mutations

You are too large for most types of armour.
You have tough skin. (AC +1)


Message History

The foxfire hits Terence but does no damage.
Terence is lightly wounded.
Casting: Scorch (safe; 9% risk of failure)
Confirm with . or Enter, or press ? or * to list all spells.
You conjure some foxfire!
Casting: Foxfire (safe; 8% risk of failure)
Confirm with . or Enter, or press ? or * to list all spells.
You conjure some foxfire!
Terence is no longer more vulnerable to fire.
The foxfire hits Terence but does no damage.
Terence is lightly wounded.
The foxfire hits Terence but does no damage.
Terence is lightly wounded.
Terence hits you with a +0 falchion!
Casting: Foxfire (safe; 8% risk of failure)
Confirm with . or Enter, or press ? or * to list all spells.
You conjure some foxfire!
The foxfire hits Terence.
Terence is lightly wounded.
The foxfire hits Terence.
Terence is moderately wounded.
Terence shouts, "Now you die!" Terence hits you with a +0 falchion.
Okay, then.
You hit Terence.
Terence is heavily wounded.
The foxfire hits Terence but does no damage.
Terence is heavily wounded.
The foxfire hits Terence but does no damage.
Terence is heavily wounded.
Terence hits you with a +0 falchion.
You barely miss Terence.
Terence is heavily wounded.
Terence hits you with a +0 falchion.
* * * LOW HITPOINT WARNING * * *
Terence hits you with a +0 falchion.
* * * LOW HITPOINT WARNING * * *
It was a potion of might.
You feel very mighty all of a sudden. Terence hits you with a +0 falchion!
You die...

#.# #.######
###......#
####.<.$....##
+..#.#.......#
#............#
+.............
#..##@@##
#...<...#
#.......#
............>..
####.......####
##.....##
##...## #...#
+...+


You could see Terence.

Vanquished Creatures
  2 goblins (D:1)
  7 hobgoblins (D:1)
  5 kobolds (D:1)
  2 ball pythons (D:1)
  A bat (D:1)
  A frilled lizard (D:1)
  A rat (D:1)
19 creatures vanquished.

Vanquished Creatures (others)
  58 foxfires
58 creatures vanquished.

Grand Total: 77 creatures vanquished

Notes
Turn   | Place    | Note
-------+----------+-------------------------------------------
     0 | D:1      | HagarQim the Ogre Fire Elementalist began the quest for the
                  | Orb.
     0 | D:1      | Reached XP level 1. HP: 16/16 MP: 3/3
   207 | D:1      | Reached skill level 1 in Conjurations
   207 | D:1      | Reached XP level 2. HP: 24/24 MP: 1/5
   500 | D:1      | Found a faded altar of an unknown god.
   890 | D:2      | Learned a level 2 spell: Scorch
   891 | D:2      | Noticed Terence
   899 | D:2      | Slain by Terence

Illustrated notes

Levels and vault maps discovered:
D:1:      nicolae_arrival_washed_ashore, layout_rooms,
          shapermc_ecumenical_altar_starsandcircs, minmay_liquid_box,
          grunt_decor_resistance, serial_bayou_pond_e, serial_bayou_lagoon_b
D:2:      kennysheep_six_static_rooms, layout_basic, serial_shops,
          nicolae_book_shop_shelving, uniq_terence

Skill      XL: |  1  2 |
---------------+-------+-----
Conjurations   | 1 |  1.1
Spellcasting   | 3 |  3.2
Fire Magic     | 3 |  3.0
Dodging        | |  1.8
Stealth        | |  1.4

Action                     || total
---------------------------++-------
  Melee: Unarmed           ||    19
         Club              ||     1
         War axe           ||     2
   Cast: Foxfire           ||    34
         Scorch            ||     1
    Use: Potion            ||     2
 Armour: Robe              ||    16
  Dodge: Dodged            ||    18
